[Event "Team 45 45 League T96"]
[Site "Internet Chess Club"]
[Date "2023.06.05"]
[Round "4"]
[White "seattleblues"]
[Black "Constrictor"]
[Result "1/2-1/2"]
[WhiteElo "1258"]
[BlackElo "1429"]
[Opening "QGD Slav: Dutch variation"]
[ECO "D18"]
[Time "20:01:05"]
[PlyCount "86"]
[TimeControl "2700+45"]

1. d4 c6 2. Nf3 d5 3. c4 Nf6 4. Nc3 dxc4 5. a4 Bf5 6. e3 e6 7. Bxc4 Bb4 8. O-O
Nbd7 9. Bd2 O-O 10. Re1 Bxc3 11. Bxc3 Ne4 12. Bb4 Re8 13. Bd3 Ndf6 14. Qc2 Nd6
15. e4 Ndxe4 16. Bxe4 Nxe4 17. Rxe4 Bxe4 18. Qxe4 Qf6 19. Bc3 Qe7 20. h4 h6 21.
Ne5 Rad8 22. Rd1 c5 23. Rd2 cxd4 24. Rxd4 Rxd4 25. Bxd4 Qb4 26. Nf3 Qxa4 27.
Qxb7 a6 28. Qa7 Rd8 29. Qb6 Rd5 30. Qb8+ Kh7 31. Qb6 Rf5 32. Qd8 Qd1+ 33. Kh2
Rxf3 34. gxf3 Qxf3 35. Qf8 Qg4 36. Qd8 f6 37. Bc3 Qxh4+ 38. Kg1 Qg4+ 39. Kf1
Qc4+ 40. Kg1 Qg4+ 41. Kf1 Qc4+ 42. Ke1 Qe4+ 43. Kf1 Qc4+ {Game drawn by
repetition} 1/2-1/2

[Event "Team 45 45 League T96"]
[Site "Internet Chess Club"]
[Date "2023.06.02"]
[Round "4"]
[White "WzeroMN"]
[Black "tasawyer81"]
[Result "0-1"]
[WhiteElo "939"]
[BlackElo "879"]
[Opening "Caro-Kann: advance variation"]
[ECO "B12"]
[Time "17:13:54"]
[PlyCount "80"]
[TimeControl "2700+45"]

1. e4 c6 2. d4 d5 3. e5 c5 4. c3 cxd4 5. cxd4 a6 6. Nf3 e6 7. Be2 Bb4+ 8. Bd2
Nc6 9. Bxb4 Nxb4 10. Qa4+ Nc6 11. O-O Bd7 12. Qd1 Nge7 13. Nbd2 Nf5 14. Qb3 Rb8
15. a4 O-O 16. Qd1 Ncxd4 17. Nxd4 Nxd4 18. Nf3 Nf5 19. Rc1 Bc6 20. b3 d4 21. Bd3
Nh4 22. Be4 Bxe4 23. Nxh4 Qxh4 24. Qxd4 Rbd8 25. g3 Rxd4 26. gxh4 Bf5 27. Rfd1
Rxh4 28. Rd2 Rg4+ 29. Kf1 Re4 30. f3 Rxe5 31. f4 Re3 32. Kf2 Rxb3 33. Rc4 b5 34.
axb5 axb5 35. Rcd4 g6 36. Rd8 Rxd8 37. Rxd8+ Kg7 38. Ke2 Rb2+ 39. Kf3 b4 40. Kg3
b3 {White resigns} 0-1

[Event "Team 45 45 League T96"]
[Site "Internet Chess Club"]
[Date "2023.06.05"]
[Round "4"]
[White "Rookmaster"]
[Black "ChessG2011"]
[Result "1-0"]
[WhiteElo "1593"]
[BlackElo "1399"]
[Opening "Giuoco Piano"]
[ECO "C50"]
[Time "14:00:16"]
[PlyCount "103"]
[TimeControl "2700+45"]

1. e4 e5 2. Nf3 Nc6 3. Bc4 Bc5 4. O-O Nf6 5. d4 Bxd4 6. Nxd4 Nxd4 7. f4 d6 8. c3
Nc6 9. f5 h6 10. Be3 Nxe4 11. Qd5 Qd7 12. Qxe4 d5 13. Bxd5 Rb8 14. Bxc6 Qxc6 15.
Qxe5+ Kf8 16. Bc5+ Kg8 17. f6 g6 18. Be7 Qb6+ 19. Kh1 Qxb2 20. Qxc7 Ra8 21. Na3
Qd2 22. Rad1 Qe2 23. Qc4 Bg4 24. Rde1 Qxc4 25. Nxc4 Be6 26. Rxe6 fxe6 27. f7+
Kg7 28. f8=Q+ Rhxf8 29. Rxf8 Rxf8 30. Bxf8+ Kxf8 31. Kg1 Ke7 32. Kf2 Kf6 33. Ke3
b6 34. Nd6 a6 35. Ke4 g5 36. a4 h5 37. Nc4 b5 38. axb5 axb5 39. Nd6 b4 40. cxb4
h4 41. b5 e5 42. Kd5 g4 43. Nc4 Kg5 44. Kxe5 h3 45. g3 Kg6 46. b6 Kf7 47. b7 Kg6
48. b8=Q Kf7 49. Nd6+ Kg7 50. Qc7+ Kh6 51. Kf6 Kh5 52. Qh7# {Black checkmated}
1-0

[Event "Team 45 45 League T96"]
[Site "Internet Chess Club"]
[Date "2023.06.03"]
[Round "4"]
[White "Denis240964"]
[Black "trogers41"]
[Result "1-0"]
[WhiteElo "1307"]
[BlackElo "1358"]
[Opening "Giuoco Piano: Greco's attack"]
[ECO "C54"]
[Time "15:00:25"]
[PlyCount "53"]
[TimeControl "2700+45"]

1. e4 e5 2. Nf3 Nc6 3. Bc4 Bc5 4. c3 Nf6 5. d4 exd4 6. cxd4 Bb4+ 7. Nc3 O-O 8.
Bg5 h6 9. Bh4 d6 10. O-O Bg4 11. Qd3 Bxf3 12. gxf3 g5 13. Bg3 Nh5 14. Nd5 Ba5
15. a3 Bb6 16. Nxb6 axb6 17. Bd5 Qf6 18. Rfd1 Nf4 19. Bxf4 Qxf4 20. Qe3 Qxe3 21.
fxe3 Kg7 22. Rac1 Rfc8 23. Bxc6 bxc6 24. Rxc6 f6 25. Rdc1 Ra7 26. Rxd6 cxd6 27.
Rxc8 {Black resigns} 1-0

[Event "Team 45 45 League T96"]
[Site "Internet Chess Club"]
[Date "2023.06.04"]
[Round "4"]
[White "Fulmar"]
[Black "tamky70"]
[Result "0-1"]
[WhiteElo "1271"]
[BlackElo "1342"]
[Opening "Robatsch (modern) defense"]
[ECO "B06"]
[Time "19:22:55"]
[PlyCount "138"]
[TimeControl "2700+45"]

1. e4 g6 2. d4 Bg7 3. Nf3 d6 4. h3 e6 5. Nc3 Ne7 6. Bg5 Nd7 7. Qd2 a6 8. Bh6 O-O
9. Bxg7 Kxg7 10. O-O-O h6 11. e5 d5 12. g4 b5 13. Bd3 c5 14. h4 Bb7 15. h5 c4
16. hxg6 Rh8 17. Qf4 Nxg6 18. Bxg6 fxg6 19. Rh3 Qf8 20. Qe3 Qe7 21. Rdh1 Raf8
22. Rxh6 Bc8 23. Rxh8 Rxh8 24. Rxh8 Kxh8 25. Qh6+ Qh7 26. Qxh7+ Kxh7 27. g5 Nb8
28. a3 Nc6 29. Ne2 Ne7 30. Nh2 Nf5 31. Ng4 Kg7 32. Nf6 Kf7 33. c3 Ne7 34. Nf4
Nf5 35. Kc2 Ng7 36. b3 Nf5 37. a4 Ne7 38. Kb2 Nc6 39. axb5 axb5 40. b4 Ne7 41.
Ne2 Nf5 42. Kc2 Ng7 43. Kd2 Nf5 44. Ke1 Nh4 45. Kf1 Nf3 46. Kg2 Nh4+ 47. Kg3
Nf5+ 48. Kg4 Ng7 49. f4 Nf5 50. Ng3 Ne3+ 51. Kf3 Nf5 52. Nxf5 exf5 53. Nxd5 Bb7
54. Ke3 Bxd5 55. Ke2 Ke6 56. Ke3 Be4 57. Ke2 Kd5 58. Ke3 Bd3 59. Kf3 Be4+ 60.
Ke3 Bh1 61. Kd2 Ke4 62. e6 Kxf4 63. e7 Bc6 64. d5 Be8 65. d6 Kxg5 66. Ke3 Kf6
67. Kf3 g5 68. Kg3 Ke6 69. Kf3 Kxd6 {White resigns} 0-1

[Event "Team 45 45 League T96"]
[Site "Internet Chess Club"]
[Date "2023.06.05"]
[Round "4"]
[White "Visin"]
[Black "Reykjaviking"]
[Result "1-0"]
[WhiteElo "1271"]
[BlackElo "1309"]
[Opening "King's pawn opening"]
[ECO "B07"]
[Time "13:00:22"]
[PlyCount "107"]
[TimeControl "2700+45"]

1. e4 d6 2. Nf3 Nf6 3. Nc3 e5 4. h3 Be6 5. d4 exd4 6. Nxd4 Bd7 7. Be3 c5 8. Nf3
h6 9. e5 Nh7 10. exd6 f6 11. Bxc5 a6 12. Be3 Bc6 13. Nd4 Qxd6 14. Nxc6 Qxd1+ 15.
Rxd1 Nxc6 16. Bd3 Bb4 17. Bd2 O-O 18. O-O Ne5 19. Be2 Rfe8 20. Rfe1 Rad8 21. a3
Ba5 22. b4 Bb6 23. Bf4 Re7 24. Rxd8+ Bxd8 25. Bxe5 Rxe5 26. Bc4+ Kf8 27. Rxe5
fxe5 28. Ne4 Be7 29. Bd5 b6 30. c3 Nf6 31. Nxf6 Bxf6 32. c4 Be7 33. f3 g5 34.
Kf2 a5 35. Ke3 Kg7 36. bxa5 bxa5 37. a4 Kf6 38. g4 Bc5+ 39. Ke4 Bb6 40. Ba8 Bc5
41. Kd5 Ba7 42. Bb7 Bb6 43. c5 Bc7 44. Kc6 Bb8 45. Kd7 Ba7 46. c6 Bb6 47. c7
Bxc7 48. Kxc7 Ke6 49. Kc6 Ke7 50. Kb5 Kd7 51. Kxa5 Kc7 52. Be4 Kb8 53. Kb6 Kc8
54. a5 {Black resigns} 1-0

[Event "Team 45 45 League T96"]
[Site "Internet Chess Club"]
[Date "2023.06.02"]
[Round "4"]
[White "mongmong"]
[Black "BlueStorm"]
[Result "1/2-1/2"]
[WhiteElo "1472"]
[BlackElo "1524"]
[Opening "QGD Slav: 4.e3 Bf5"]
[ECO "D12"]
[Time "18:00:23"]
[PlyCount "179"]
[TimeControl "2700+45"]

1. d4 c6 2. Nf3 d5 3. c4 Nf6 4. e3 Bf5 5. Nc3 e6 6. Nh4 Bg6 7. Nxg6 hxg6 8. g3
Nbd7 9. Bg2 Be7 10. Qe2 Qc7 11. O-O O-O-O 12. Bd2 Rh7 13. Rac1 Rdh8 14. h4 Bd6
15. f4 Nh5 16. Be1 dxc4 17. Qxc4 Nb6 18. Qd3 a6 19. d5 exd5 20. Nxd5 Nxd5 21.
Bxd5 Nf6 22. Bf3 Rd8 23. Qc2 Nd5 24. Bxd5 cxd5 25. Qxc7+ Bxc7 26. Bc3 Kb8 27.
Bd4 f6 28. Kg2 Rhh8 29. Rc2 Rd7 30. Rfc1 Rc8 31. Bb6 f5 32. Kf3 Re7 33. Bd4 b5
34. Rh1 Kb7 35. Rhc1 Rd7 36. Rc6 Rd6 37. Rxd6 Bxd6 38. Rxc8 Kxc8 39. Bxg7 Kd7
40. g4 Ke6 41. h5 fxg4+ 42. Kxg4 gxh5+ 43. Kxh5 Kf5 44. Bd4 a5 45. Kh6 a4 46.
Kg7 b4 47. Kf7 a3 48. bxa3 bxa3 49. Ke8 Bxf4 50. exf4 Kxf4 51. Bc5 Ke4 52. Bxa3
d4 53. Bb4 Kd5 54. a4 Kc6 55. Kd8 Kb7 56. Bd2 Kb8 57. Bb4 Kb7 58. Bd6 d3 59. Bf4
Ka6 60. Bd2 Kb7 61. a5 Kb8 62. Bf4+ Kb7 63. Kd7 Ka6 64. Bd2 Kb7 65. Kd8 Kb8 66.
Bb4 Kb7 67. Kd7 Kb8 68. Kc6 Ka8 69. Kc7 Ka7 70. Bd2 Ka8 71. Be3 d2 72. Bxd2 Ka7
73. Be3+ Ka8 74. Kb6 Kb8 75. Kb5 Kb7 76. Ka4 Ka6 77. Kb4 Kb7 78. Kc5 Ka6 79. Bd2
Kb7 80. Bc3 Kc7 81. Kb5 Kb7 82. Be5 Ka7 83. Kc6 Ka6 84. Bc7 Ka7 85. Kd7 Kb7 86.
Kd8 Ka7 87. Kc8 Ka8 88. Bf4 Ka7 89. Be3+ Ka8 90. Kc7 {Black stalemated} 1/2-1/2

[Event "Team 45 45 League T96"]
[Site "Internet Chess Club"]
[Date "2023.06.04"]
[Round "4"]
[White "BrerRabbit"]
[Black "olivermx"]
[Result "0-1"]
[WhiteElo "1368"]
[BlackElo "1293"]
[Opening "Catalan: closed, main line"]
[ECO "E09"]
[Time "11:04:28"]
[PlyCount "86"]
[TimeControl "2700+45"]

1. d4 d5 2. Nf3 Nf6 3. g3 e6 4. Bg2 Be7 5. O-O O-O 6. c4 c6 7. Qc2 Nbd7 8. Nbd2
b6 9. e4 Bb7 10. e5 Ne8 11. cxd5 cxd5 12. Re1 Rc8 13. Qd1 Nc7 14. Nb1 Nb8 15.
Nc3 h6 16. h4 b5 17. a3 Qd7 18. b4 Na8 19. Ne2 Nb6 20. Be3 Nc6 21. Nf4 Nc4 22.
Ra2 Qe8 23. Nh3 f6 24. Bf4 fxe5 25. Bxe5 N6xe5 26. dxe5 Bd8 27. Nd4 Bc7 28. f4
Qg6 29. Kh2 a6 30. Nf2 Bb6 31. Bh3 Rce8 32. Nxe6 Rxe6 33. Bxe6+ Qxe6 34. Nd3 Rc8
35. Nc5 Bxc5 36. bxc5 Rxc5 37. Qd4 Rc7 38. Kg2 Nb6 39. Kf2 Rc4 40. Qd3 Qh3 41.
Kg1 d4 42. e6 Qh1+ 43. Kf2 Qg2# {White checkmated} 0-1

[Event "Team 45 45 League T96"]
[Site "Internet Chess Club"]
[Date "2023.05.31"]
[Round "4"]
[White "Toalla"]
[Black "smsxman"]
[Result "1/2-1/2"]
[WhiteElo "1087"]
[BlackElo "1399"]
[Opening "Queen's gambit declined"]
[ECO "D30"]
[Time "11:58:57"]
[PlyCount "65"]
[TimeControl "2700+45"]

1. d4 d5 2. c4 e6 3. h3 g6 4. Bf4 c5 5. e3 cxd4 6. exd4 Nc6 7. Be5 Nf6 8. cxd5
exd5 9. Nf3 Bg7 10. Bb5 O-O 11. O-O Bd7 12. Nc3 a6 13. Ba4 b5 14. Bb3 Be6 15.
Re1 Rc8 16. Rc1 Nxe5 17. Nxe5 Ne4 18. Nxe4 dxe4 19. Bxe6 fxe6 20. Rxe4 Qd5 21.
f3 Qxa2 22. Re2 Qd5 23. Re4 Rfd8 24. Kf1 Rxc1 25. Qxc1 Rf8 26. Qc6 Qa2 27. Re2
Qa4 28. Qxe6+ Kh8 29. Nf7+ Kg8 30. Nh6+ Kh8 31. Nf7+ Kg8 32. Nh6+ Kh8 33. Nf7+
{Game drawn by repetition} 1/2-1/2

[Event "Team 45 45 League T96"]
[Site "Internet Chess Club"]
[Date "2023.06.03"]
[Round "4"]
[White "stantheman59"]
[Black "NATYNL09"]
[Result "0-1"]
[WhiteElo "1110"]
[BlackElo "1115"]
[Opening "Giuoco Piano"]
[ECO "C53"]
[Time "18:23:06"]
[PlyCount "58"]
[TimeControl "2700+45"]

1. e4 e5 2. Bc4 Bc5 3. Nf3 Nc6 4. c3 h6 5. O-O d6 6. Bd5 Bg4 7. b4 Bb6 8. d3 Nf6
9. Bxc6+ bxc6 10. Nbd2 O-O 11. Bb2 a5 12. h3 Bh5 13. Qc2 axb4 14. cxb4 Qd7 15.
Rfc1 c5 16. bxc5 Bxc5 17. d4 exd4 18. Bxd4 Bb4 19. Bxf6 Bxd2 20. Bxg7 Bxc1 21.
Bxf8 Bxf3 22. gxf3 Rxf8 23. Rxc1 Qxh3 24. Qxc7 Kh8 25. Qc3+ Kh7 26. f4 Rg8+ 27.
Qg3 Rxg3+ 28. fxg3 Qxg3+ 29. Kf1 Qxf4+ {White resigns} 0-1

[Event "Team 45 45 League T96"]
[Site "Internet Chess Club"]
[Date "2023.06.03"]
[Round "4"]
[White "manfredo"]
[Black "isolani"]
[Result "0-1"]
[WhiteElo "1537"]
[BlackElo "1482"]
[Opening "Pirc: Ufimtsev-Pytel variation"]
[ECO "B07"]
[Time "16:01:15"]
[PlyCount "66"]
[TimeControl "2700+45"]

1. e4 d6 2. d4 Nf6 3. Nc3 c6 4. f4 Qa5 5. Bd3 e5 6. fxe5 dxe5 7. dxe5 Ng4 8. Nf3
Nxe5 9. Nxe5 Qxe5 10. O-O Be7 11. Qf3 Be6 12. Bf4 Qd4+ 13. Kh1 Nd7 14. Ne2 Qb6
15. Be3 Qc7 16. Nd4 Bf6 17. Nxe6 fxe6 18. Bc4 Ke7 19. Qg4 Qe5 20. Bf4 h5 21. Qh3
Qxe4 22. Bxe6 Qxe6 23. Rfe1 Be5 24. Qa3+ Kf6 25. Bxe5+ Nxe5 26. Rf1+ Kg6 27.
Rfe1 Rhe8 28. Re3 Qf5 29. Qd6+ Re6 30. Rg3+ Kh7 31. Qc7 Rg8 32. Qxb7 Rf6 33. Kg1
Qf2+ {White resigns} 0-1

[Event "Team 45 45 League T96"]
[Site "Internet Chess Club"]
[Date "2023.06.06"]
[Round "4"]
[White "Andressa"]
[Black "Pawnchain"]
[Result "0-1"]
[WhiteElo "1318"]
[BlackElo "1379"]
[Opening "French defense"]
[ECO "C00"]
[Time "15:18:28"]
[PlyCount "46"]
[TimeControl "2700+45"]

1. e4 e6 2. Nf3 d5 3. exd5 exd5 4. d4 Bd6 5. Nc3 c6 6. Be2 Bf5 7. O-O Ne7 8. Re1
O-O 9. Bd3 Nd7 10. a3 Bxd3 11. Qxd3 Ng6 12. g3 Qc7 13. b4 a6 14. Na4 Nf6 15. Bg5
Ne4 16. Bh4 Rfe8 17. c4 b5 18. cxb5 cxb5 19. Nc5 Bxc5 20. bxc5 Qc6 21. Nd2 Nxh4
22. gxh4 Qg6+ 23. Kh1 Nxf2# {White checkmated} 0-1

[Event "Team 45 45 League T96"]
[Site "Internet Chess Club"]
[Date "2023.06.04"]
[Round "4"]
[White "PsyMar"]
[Black "Balderdash"]
[Result "0-1"]
[WhiteElo "1193"]
[BlackElo "1228"]
[Opening "Vienna gambit"]
[ECO "C29"]
[Time "10:01:20"]
[PlyCount "60"]
[TimeControl "2700+45"]

1. e4 e5 2. Nc3 Nf6 3. f4 Nc6 4. Nf3 exf4 5. d4 Bb4 6. e5 Ne4 7. Bd2 Nxd2 8.
Qxd2 d6 9. Qxf4 Be6 10. Bb5 dxe5 11. Nxe5 Qd6 12. O-O O-O-O 13. d5 Qc5+ 14. Kh1
Nxe5 15. dxe6 Bxc3 16. bxc3 Qxb5 17. Rab1 Qd5 18. e7 Rd7 19. c4 Qe6 20. Rxb7
Kxb7 21. Qe4+ Nc6 22. Rb1+ Kc8 23. Qh4 Rxe7 24. h3 f6 25. Qg3 Qxc4 26. Qf3 Rd8
27. c3 Rd3 28. Qf5+ Rdd7 29. Qxh7 Qxa2 30. Qf5 Re5 {White resigns} 0-1

[Event "Team 45 45 League T96"]
[Site "Internet Chess Club"]
[Date "2023.06.05"]
[Round "4"]
[White "oldbookseller"]
[Black "Dwilkes"]
[Result "0-1"]
[WhiteElo "860"]
[BlackElo "1089"]
[Opening "Queen's pawn game, Rubinstein (Colle-Zukertort) variation"]
[ECO "D05"]
[Time "16:00:33"]
[PlyCount "48"]
[TimeControl "2700+45"]

1. d4 Nf6 2. Nf3 e6 3. e3 d5 4. Bd3 c5 5. b3 Nc6 6. Bb2 Bd6 7. O-O Bd7 8. Nbd2
O-O 9. g3 Re8 10. Ng5 h6 11. Nh7 Nxh7 12. dxc5 Bxc5 13. Bxg7 Kxg7 14. Qg4+ Qg5
15. Qf3 Ne5 16. Qe2 Nxd3 17. Qxd3 a6 18. Nf3 Qf5 19. Qc3+ e5 20. Nxe5 Rxe5 21.
Qxc5 Qf3 22. Qc7 Bh3 23. Qxe5+ Nf6 24. Rfd1 Qg2# {White checkmated} 0-1